 Dungeon Crawl Stone Soup version 0.32-a0-571-gec57dfcd37 (webtiles) character file.

Game seed: 15197159524078084562

11 hikkokomori the Chopper (level 2, 0/25 HPs)
             Began as a Mountain Dwarf Reaver on Mar 1, 2024.
             Succumbed to an adder's poison
             ... on level 2 of the Dungeon.
             The game lasted 00:01:18 (736 turns).

hikkokomori the Chopper (Mountain Dwarf Reaver)      Turns: 736, Time: 00:01:18

Health: 0/25       AC:  3    Str: 14    XL:     2   Next: 17%
Magic:  5/5        EV: 11    Int: 13    God:
Gold:   28         SH:  0    Dex:  8    Spells: 4/5 levels left

rFire   + . .        a - +0 hand axe
rCold   . . .        (no shield)
rNeg    . . .        b - +0 leather armour
rPois   .            (no helmet)
rElec   .            d - scarf {shadows}
rCorr   .            (no gloves)
SInv    .            (no boots)
Will    .....        (no amulet)
Stlth   +            c - ring of protection from fire
HPRegen 0.24/turn    (no ring)
MPRegen 0.09/turn

%: no passive effects
@: lethally poisoned (0 -> -4), invisible
A: runic magic, artefact enchanting
a: no special abilities


You were on level 2 of the Dungeon.
You visited 1 branch of the dungeon, and saw 2 of its levels.

You collected 28 gold pieces.

Inventory:

Hand Weapons
 a - a +0 hand axe (weapon)
Armour
 b - a +0 leather armour (worn)
 d - a scarf of shadows (worn)
Jewellery
 c - a ring of protection from fire (left hand)


   Skills:
 + Level 2.4 Fighting
 + Level 3.8 Axes
 - Level 1.4 Dodging
 - Level 2.0 Spellcasting
 - Level 2.7 Conjurations
 + Level 0.7 Necromancy


You had 4 spell levels left.
You knew the following spells:

 Your Spells              Type           Power      Damage    Failure   Level
a - Kiss of Death         Conj/Necr      20%        2d7       13%         1

Your spell library contained the following spells:

 Spells                   Type           Power      Damage    Failure   Level
 Momentum Strike          Conj/Tloc      8%         3d8       22%         2
 Hailstorm                Conj/Ice       4%         3d5       41%         3


Dungeon Overview and Level Annotations

Branches:
Dungeon (2/15)

Altars:


Innate Abilities, Weirdness & Mutations

Your spellcasting is much less encumbered by armour.
You can use scrolls of enchantment on lesser artefacts.


Message History

You are too injured to fight recklessly!
You are too injured to fight recklessly!
Found a chain mail.
You feel sick. The adder barely misses you.
You feel sick. The adder bites you. The adder barely misses you.
You barely miss the adder.
You feel sick.
You are no longer poisoned.
The adder bites you.
You closely miss the adder. The adder completely misses you.
The adder misses you.
You hit the adder.
The adder is severely wounded.
The adder closely misses you.
You miss the adder.
The adder is heavily wounded.
The adder bites you.
You are poisoned.
The adder poisons you! The adder bites you.
You are lethally poisoned!
The adder poisons you!
You hit the adder.
The adder is almost dead.
You feel very sick. The adder bites you but does no damage.
You closely miss the adder.
The adder is almost dead.
* * * LOW HITPOINT WARNING * * *
You feel very sick. The adder completely misses you.
It was a potion of invisibility.
You fade into invisibility!
* * * LOW HITPOINT WARNING * * *
You feel sick. The adder bites you but does no damage. The adder bites you.
* * * LOW HITPOINT WARNING * * *
You aren't carrying any scrolls.
An orc comes into view. It is wielding a +0 flail.
* * * LOW HITPOINT WARNING * * *
You feel sick.
You hit the adder.
You kill the adder!
You die...

#... . ####..###
.. #...$...##..
......... #
#....# #.
#.#<.#.##
#.##.........
##...†.....#.#
#...@......#
#.............
.[..#.......#.##
##..#.#...#.#.#
## #.......#
#.......# #.
...o.#


You could see an orc (asleep, unable to see you).

Vanquished Creatures
  An adder (D:2)
  An endoplasm (D:1)
  A giant cockroach (D:1)
  2 hobgoblins (D:1)
  A kobold (D:1)
  3 ball pythons (D:1)
  A bat (D:1)
  2 rats (D:1)
12 creatures vanquished.

Notes
Turn   | Place    | Note
-------+----------+-------------------------------------------
     0 | D:1      | hikkokomori the Mountain Dwarf Reaver began the quest for
                  | the Orb.
     0 | D:1      | Reached XP level 1. HP: 17/17 MP: 3/3
   318 | D:1      | Reached XP level 2. HP: 17/25 MP: 4/4
   736 | D:2      | Succumbed to an adder's poison

Illustrated notes

Levels and vault maps discovered:
D:1:      onia_arrival_mini_maze_b, layout_basic, st_stairs_7,
          nicolae_houndstooth_variations
D:2:      cheibrodos_pilgrimage, layout_loops_cross, uniq_crazy_yiuf_cottage,
          uniq_robin

Skill      XL: |  1  2 |
---------------+-------+-----
Spellcasting   | 2 |  2.0
Fighting       | |  2.4
Axes           | |  3.8
Dodging        | |  1.4
Conjurations   | |  2.7
Necromancy     | |  0.7

Action                     || total
---------------------------++-------
  Melee: Hand axe          ||    49
    Use: Potion            ||     1
 Armour: Leather armour    ||    40
  Dodge: Dodged            ||    28

Table legend: (Time is in decaauts)
 A = Elapsed time spent in this place.
 B = Non-inter-level travel time spent in this place.
 C = Inter-level travel time spent in this place.
 D = Time resting spent in this place.
 E = Time spent auto-exploring this place.
 F = Levels seen in this place.
 G = Mean time per level.
                   A        B        C        D        E       F      G
               +--------+--------+--------+--------+--------+-----+--------+
         Total |    740 |    712 |     28 |      0 |    604 |   2 |  370.0 |
       Dungeon |    740 |    712 |     28 |      0 |    604 |   2 |  370.0 |
               +--------+--------+--------+--------+--------+-----+--------+

Top non-repeatable levels by time:
     D:1: 722 daAuts
     D:2: 18 daAuts
